 Dungeon Crawl Stone Soup version 0.23-a0-109-g5e4b187 (webtiles) character file.

417 emperorscorpion the Grave Robber (level 6, -10/33 HPs)
             Began as a Deep Elf Necromancer on Aug 22, 2018.
             Shot with an arrow by a centaur (12 damage)
             ... on level 5 of the Dungeon.
             The game lasted 00:10:30 (5860 turns).

emperorscorpion the Grave Robber (DENe)             Turns: 5860, Time: 00:10:31

Health: -10/33     AC:  2    Str:  5    XL:     6   Next: 61%
Magic:  16/16      EV: 13    Int: 21    God:
Gold:   260        SH:  5    Dex: 16    Spells: 8/16 levels left

rFire    . . .     SeeInvis .   a - +0 spear
rCold    . . .     Gourm    .   (no shield)
rNeg     . . .     Faith    .   f - +0 robe
rPois    .         Spirit   .   (no helmet)
rElec    .         Reflect  +   (no cloak)
rCorr    .         Harm     .   (no gloves)
MR       .....                  (no boots)
Stlth    ++........             g - +5 amulet of reflection
HPRegen  0.11/turn              (no ring)
MPRegen  0.15/turn              (no ring)

@: no status effects
A: no striking features
a: no special abilities


You were on level 5 of the Dungeon.
You were not hungry.

You visited 1 branch of the dungeon, and saw 5 of its levels.

You collected 260 gold pieces.

Inventory:

Hand Weapons
 a - a +0 spear (weapon)
 e - a +0 short sword
Missiles
 i - 28 poisoned needles
 B - 5 tomahawks (quivered)
Armour
 f - a +0 robe (worn)
 l - a cursed +0 ring mail
 n - a +0 cloak
Jewellery
 g - a +5 amulet of reflection (around neck)
Wands
 q - a wand of scattershot (2)
 s - a wand of paralysis (6)
Scrolls
 d - 6 scrolls of remove curse {unknown}
 h - 3 scrolls of identify {unknown}
 j - 2 scrolls of enchant armour {unknown}
 k - 3 scrolls of teleportation {unknown}
 p - a scroll of amnesia {unknown}
 r - a scroll of fear {unknown}
 v - a scroll of noise {unknown}
 y - a scroll of magic mapping {unknown}
 A - a scroll of blinking {unknown}
Potions
 b - 2 potions of flight {unknown}
 m - a potion of mutation {unknown}
 o - a potion of heal wounds {unknown}
 t - a potion of cancellation {unknown}
 u - 3 potions of curing {unknown}
 w - 4 potions of brilliance {unknown}
 x - 2 potions of haste {unknown}
 z - a potion of berserk rage {unknown}
Comestibles
 c - 6 rations
 C - a chunk of flesh


   Skills:
 + Level 0.9 Fighting
 + Level 0.3 Polearms
 + Level 2.5 Dodging
 + Level 3.3 Stealth
 + Level 5.6 Spellcasting
 + Level 7.8 Necromancy


You had 8 spell levels left.
You knew the following spells:

 Your Spells              Type           Power        Failure   Level  Hunger
a - Pain                  Necr           ####         1%          1    None
b - Animate Skeleton      Necr           N/A          1%          1    None
c - Vampiric Draining     Necr           #####.....   1%          3    ##.....
r - Regeneration          Chrm/Necr      ###.......   6%          3    ##.....

Your spell library contained the following spells:

 Spells                   Type           Power        Failure   Level  Hunger
 Animate Dead             Necr           N/A          4%          4    ####...


Dungeon Overview and Level Annotations

Branches:
Dungeon (5/15)
 Temple: D:4-7

Altars:
Ashenzari
Cheibriados
Uskayaw
The Shining One


Message History

The crimson imp barely misses you.
The crimson imp blinks!
The crimson imp summons a swarm of flies.
The crimson imp blinks!
A centaur comes into view.
The centaur shouts!
The centaur wields a shortbow.
The centaur shoots an arrow.
You reflect the arrow off an invisible shield around you!
The arrow hits the centaur!
Found an arrow.
The centaur shoots an arrow.
The arrow hits you!
* * * LOW HITPOINT WARNING * * *
You see here an arrow.
The centaur shoots an arrow.
You reflect the arrow off an invisible shield around you!
The arrow hits the centaur.
Found 22 arrows.
The centaur shoots an arrow.
The arrow barely misses you.
The centaur shoots an arrow.
The arrow hits you!
You die...

..........##..#
#..###.......... #.
##c#.##..##.
##.##....##.###
............#..
.##......(....###.....#..
##....O...#####.........
#.........# #..........
#......@..# #..........
#.........####.........l
......(..................
####.....######Y........$
##.#### #.<....... ..
#......#.. ... #.######
... .. ###


You could see an ogre and a centaur.

Vanquished Creatures
  A hound (D:4)
  A bullfrog skeleton (D:5)
  3 orc wizards (D:4)
  An iguana (D:4)
  A worker ant (D:4)
  A howler monkey zombie (D:5)
  4 gnolls
  8 adders
  A shadow imp (D:5)
  An adder skeleton (D:4)
  2 worms
  2 leopard geckos
  11 orcs
  5 giant cockroaches
  3 goblins
  11 hobgoblins
  2 jackals
  A quokka (D:4)
  2 ball pythons
  10 bats
  6 frilled lizards
  7 kobolds
  11 rats
95 creatures vanquished.

Vanquished Creatures (collateral kills)
  An adder skeleton (D:4)
1 creature vanquished.

Grand Total: 96 creatures vanquished

Notes
Turn   | Place    | Note
-------+----------+-------------------------------------------
     0 | D:1      | emperorscorpion the Deep Elf Necromancer began the quest for the Orb.
     0 | D:1      | Reached XP level 1. HP: 10/10 MP: 6/6
    75 | D:1      | Learned a level 1 spell: Animate Skeleton
   260 | D:1      | Reached skill level 5 in Necromancy
   454 | D:1      | Reached XP level 2. HP: 14/15 MP: 5/8
  1336 | D:1      | Reached XP level 3. HP: 13/19 MP: 3/10
  1341 | D:1      | Learned a level 3 spell: Regeneration
  1945 | D:2      | Found a snail-covered altar of Cheibriados.
  2680 | D:3      | Reached skill level 6 in Necromancy
  2853 | D:3      | Reached XP level 4. HP: 24/24 MP: 10/12
  2999 | D:3      | Found a shattered altar of Ashenzari.
  3457 | D:3      | Found a hide-covered altar of Uskayaw.
  3457 | D:3      | Found a glowing golden altar of the Shining One.
  3576 | D:4      | Reached XP level 5. HP: 15/28 MP: 5/13
  3611 | D:4      | Learned a level 3 spell: Vampiric Draining
  3627 | D:4      | Reached skill level 7 in Necromancy
  4183 | D:4      | Reached skill level 5 in Spellcasting
  4370 | D:4      | Reached XP level 6. HP: 29/32 MP: 10/15
  5183 | D:5      | Entered Level 5 of the Dungeon
  5183 | D:5      | Noticed an ice beast
  5854 | D:5      | HP: 1/33 [centaur/arrow (10)]
  5860 | D:5      | Shot with an arrow by a centaur

Vault maps used:
D:1:      tarquinn_simple_flora_water_a, serial_co_window_serial,
          co_window_paths_a, co_window_paths_b, co_window_paths_b,
          co_window_corner_a, co_window_corner_a, co_window_of_opportunity_a,
          co_window_of_opportunity_a, co_window_paths_b, co_window_corner_a,
          co_window_of_opportunity_b, co_window_paths_c, co_window_corner_b,
          co_window_paths_c, co_window_broadway_a, glass_columns_a,
          glass_columns_a, glass_columns_c, glass_columns_b, glass_columns_a
D:2:      cheibriados_altar_1, minmay_misc_feat_tiny, minmay_pentomino_s2
D:3:      gammafunk_temple_overflow_wave, cheibrodos_ashenzari_chains
D:4:      minmay_statues_item
D:5:      first_ration, minmay_misc_feat_doors

Skill      XL: |  1  2  3  4  5 |
---------------+----------------+-----
Necromancy     | 5 6 7 |  7.8
Stealth        | 3 |  3.3
Spellcasting   | 4 5 |  5.6
Fighting       | |  0.9
Polearms       | |  0.3
Dodging        | |  2.5

Action                   |  1- 3 |  4- 6 || total
-------------------------+-------+-------++-------
Melee: Spear             |       |   115 ||   115
 Cast: Pain              |    74 |   110 ||   184
       Animate Skeleton  |    21 |    19 ||    40
 Stab: Sleeping          |       |     2 ||     2
  Eat: Chunk             |     6 |     9 ||    15
Armor: Robe              |     1 |    16 ||    17
Dodge: Dodged            |     7 |    69 ||    76
Block: Other             |     2 |    28 ||    30
       Reflection        |     1 |     2 ||     3

Table legend:
 A = Non-vault XP
 B = Vault XP
 C = Vault XP percentage of total XP
 D = Non-vault monster count
 E = Vault monster count
 F = Vault count percentage of total count
                 A         B        C        D         E       F
            +---------+---------+-------+---------+---------+-------
      Total |     593 |       3 |   0.5 |      94 |       2 |   2.1
            +---------+---------+-------+---------+---------+-------
        D:1 |      47 |       0 |   0.0 |      21 |       0 |   0.0
        D:2 |      39 |       3 |   7.1 |      16 |       2 |  11.1
        D:3 |      52 |       0 |   0.0 |      19 |       0 |   0.0
        D:4 |     351 |       0 |   0.0 |      27 |       0 |   0.0
        D:5 |     104 |       0 |   0.0 |      11 |       0 |   0.0
            +---------+---------+-------+---------+---------+-------
